 Dungeon Crawl Stone Soup version 0.27.1 (webtiles) character file.

Game seed: 12195936026906371994

4 nxtlvl the Charlatan (level 1, -3/11 HPs)
             Began as a Deep Elf Artificer on Aug 31, 2021.
             Slain by a kobold (4 damage)
             ... on level 1 of the Dungeon.
             The game lasted 00:02:19 (275 turns).

nxtlvl the Charlatan (Deep Elf Artificer)            Turns: 275, Time: 00:02:19

Health: -3/11      AC:  3    Str:  9    XL:     1   Next: 58%
Magic:  3/3        EV: 12    Int: 15    God:
Gold:   0          SH:  0    Dex: 15    Spells: 0/0 levels left

rFire    . . .     SeeInvis .   b - +0 dagger
rCold    . . .     Faith    .   (no shield)
rNeg     . . .     Spirit   .   f - +0 leather armour
rPois    .         Reflect  .   (no helmet)
rElec    .         Harm     .   (no cloak)
rCorr    .         Rampage  .   (no gloves)
Will     .....                  (no boots)
Stlth    ++........             (no amulet)
HPRegen  0.03/turn              (no ring)
MPRegen  0.08/turn              (no ring)

@: no status effects
A: no striking features
a: no special abilities


You were on level 1 of the Dungeon.
You visited 1 branch of the dungeon, and saw 1 of its levels.

Inventory:

Hand Weapons
 a - a +0 club
 b - a +0 dagger (weapon)
Armour
 f - a +0 leather armour (worn)
Wands
 c - a wand of flame (14) (quivered)
 d - a wand of charming (15)
Potions
 g - 2 potions of curing {unknown}
 h - a potion of flight {unknown}
 i - a potion of heal wounds {unknown}
Miscellaneous
 e - a piece from Xom's chessboard (15/15)


   Skills:
 - Level 0.7 Fighting
 - Level 0.7 Armour
 - Level 2.4 Dodging
 - Level 1.2 Stealth
 + Level 3.7 Evocations


You couldn't memorise any spells.
You didn't know any spells.
Your spell library was empty.

Dungeon Overview and Level Annotations

Branches:
Dungeon (1/15)

Altars:

Shops:
D:1 [


Message History

The kobold is moderately wounded.
The kobold hits you with a +0 short sword.
* * * LOW HITPOINT WARNING * * *
Aiming: Throw Flame
Press: ? - help, Shift-Dir - straight line, f - kobold
Aim: a kobold, wielding a +0 short sword (moderately wounded, 64% to hit)
The puff of flame hits the kobold!
You kill the kobold!
You see here a +0 short sword.
There is an escape hatch in the floor here.
A kobold comes into view. It is wielding a +0 short sword.
Found a stone staircase leading down.
A goblin comes into view. It is wielding a +0 club.
Found 14 gold pieces.
The goblin shouts!
The kobold shouts!
A bat comes into view.
The bat misses you.
You miss the bat. The bat hits you but does no damage. x2
The bat hits you.
* * * LOW HITPOINT WARNING * * *
You barely miss the bat. The bat hits you but does no damage. x2
You hit the bat but do no damage. The bat closely misses you.
The bat hits you but does no damage.
You closely miss the bat. The bat hits you.
* * * LOW HITPOINT WARNING * * *
You hit the bat.
The bat is heavily wounded.
The bat hits you but does no damage. x2
You hit the bat.
You kill the bat!
There is an open door here.
You closely miss the kobold. The kobold hits you but does no damage.
You hit the kobold.
The kobold is moderately wounded.
The kobold hits you with a +0 short sword.
* * * LOW HITPOINT WARNING * * *
You hit the kobold but do no damage.
The kobold is moderately wounded.
The kobold hits you with a +0 short sword.
You die...

#.†# #...........#
.#...$b..#
#..###...........#
.......>#
###...##...........#
##.......#
......#######'######
+........# ###...###
#.####### #.......# #
####..# #.......#
#.......# # ##.# ##.....##
#.......# # #####>##
##...## #.# # #......#
##@## #.# # #.###..# #K#
#g# # #.##...# #g# #.# #
#.##.#.#######.#########†#
#.##.......##....g.......#
#.##.#.###.#......########
#.................#
####.##.##.###[...#
#.......# ######


You could see a goblin and a kobold.

Vanquished Creatures
  A ball python (D:1)
  A bat (D:1)
  A hobgoblin (D:1)
  A kobold (D:1)
4 creatures vanquished.

Notes
Turn   | Place    | Note
-------+----------+-------------------------------------------
     0 | D:1      | nxtlvl the Deep Elf Artificer began the quest for the Orb.
     0 | D:1      | Reached XP level 1. HP: 11/11 MP: 3/3
    94 | D:1      | Found Ciof's Armour Shoppe.
   275 | D:1      | Slain by a kobold

Illustrated notes

Levels and vault maps discovered:
D:1:      psy_arrival_statuary, layout_loops_corners, serial_shops, shop,
          nicolae_shop_temple_entry_statues_fountains, nicolae_lakefront_shop

Action                   || total
-------------------------++-------
Melee: Dagger            ||    27
Evoke: Wand              ||     1
 Stab: Sleeping          ||     1
Armor: Leather armour    ||    13
Dodge: Dodged            ||     9
